 Dungeon Crawl Stone Soup version 0.20-a0-809-gaf7f668 (webtiles) character file.

1123 dalamcd the Covert (level 8, 0/40 HPs)
             Began as a Spriggan Assassin on Mar 2, 2017.
             Slain by a gnoll sergeant
             ... wielding a +0 trident of piercing
              (3 damage)
             ... on level 5 of the Dungeon on Mar 3, 2017.
             The game lasted 01:17:09 (7551 turns).

dalamcd the Covert (Spriggan Assassin)              Turns: 7551, Time: 01:17:10

Health: 0/40       AC:  3    Str:  7    XL:     8   Next: 13%
Magic:  9/9        EV: 21    Int: 12    God:
Gold:   283        SH:  0    Dex: 20    Spells: 7/7 levels left

rFire    . . .     SeeInvis +   b - +0 blowgun
rCold    . . .     Gourm    .   D - +0 robe
rNeg     . . .     Faith    .   (shield restricted)
rPois    .         Spirit   .   (helmet restricted)
rElec    .         Reflect  .   d - +0 cloak
rCorr    .         Harm     .   (gloves unavailable)
MR       +....                  (boots unavailable)
Stlth    ++++......             (no amulet)
Regen    0.2/turn               (no ring)
MPRegen  0.2/turn               l - ring of flight

@: very quick
A: unfitting armour, see invisible, herbivore 3, speed 3, slow metabolism 2
a: Evoke Flight


You were on level 5 of the Dungeon.
You were not hungry.

You visited 1 branch of the dungeon, and saw 5 of its levels.

You collected 283 gold pieces.

Inventory:

Hand Weapons
 b - a +0 blowgun (weapon)
 j - a +0 rapier
 r - a +3 dagger
Missiles
 h - a curare-tipped needle
 E - 5 poisoned needles (quivered)
Armour
 a - a +0 robe
 d - a +0 cloak (worn)
 D - a +0 robe (worn)
Jewellery
 l - a ring of flight (left hand)
 n - an uncursed amulet of harm
Wands
 C - a wand of random effects (21/48)
Scrolls
 f - a scroll of fear
 k - 4 scrolls of amnesia
 q - 2 scrolls of remove curse
Potions
 e - a potion of curing
 i - a potion of agility
 s - a potion of flight
 t - a potion of brilliance
Comestibles
 g - 4 bread rations
 m - 2 fruits


   Skills:
 + Level 3.4 Fighting
 + Level 3.8 Short Blades
 + Level 6.2 Throwing
 * Level 5.2 Dodging
 * Level 9.2 Stealth


You had 7 spell levels left.
You didn't know any spells.

Dungeon Overview and Level Annotations

Branches:
Dungeon (5/15)
 Temple: D:4-7

Altars:

Shops:
D:4 :


Innate Abilities, Weirdness & Mutations

You are very small and have problems with some larger weapons.
You are too small for most types of armour.
You have supernaturally acute eyesight. (SInv)
You are a herbivore.
You cover ground extremely quickly.
You need consume almost no food.


Message History

Aim: a gnoll sergeant, wielding a trident of piercing, wearing a glowing scale mail and wearing a shiny shield (heavily wounded)
You shoot a poisoned needle.
The poisoned needle completely misses the gnoll sergeant.
E - 2 poisoned needles
There are no items here.
You see here a poisoned needle.
E - 3 poisoned needles (gained 1)
You see here 2 poisoned needles.
E - 5 poisoned needles (gained 2)
You see here a poisoned needle.
E - 6 poisoned needles (gained 1) Firing (i - inventory. (,) - cycle):
E - 6 poisoned needles (quivered)
Press: ? - help, Shift-Dir - straight line, f/p - gnoll sergeant
Aim: a gnoll sergeant, wielding a trident of piercing, wearing a glowing scale mail and wearing a shiny shield (heavily wounded)
You shoot a poisoned needle.
The poisoned needle hits the gnoll sergeant!
The gnoll sergeant is heavily wounded.
The gnoll sergeant hits you from afar with a trident of piercing!
* * * LOW HITPOINT WARNING * * *
You die...

#.)..#....#
#....#....#
###########.###.####
#......#..#.###.####
#..................
#.......g..........
##....#######.###..
#.....###..##.###..
#.@................
#..................
#...g..........<...
#.....(............
#..................
##.....####'####...
########.....#####
#...........
#...........


You could see a gnoll sergeant.

Vanquished Creatures
  Sigmund (D:5)
  A sky beast (D:5)
  2 ogres (D:4)
  A centaur (D:4)
  A water moccasin skeleton (D:5)
  A centaur zombie (D:5)
  Crazy Yiuf (D:3)
  An orc priest (D:5)
  5 orc wizards
  A worker ant (D:4)
  A hound skeleton (D:4)
  6 gnolls
  9 adders
  2 oozes
  7 worms
  4 dart slugs
  3 leopard geckos
  23 orcs
  5 giant cockroaches
  9 goblins
  9 hobgoblins
  17 jackals
  3 ball pythons
  9 bats
  5 frilled lizards
  9 kobolds
  2 quokka skeletons (D:5)
  8 rats
  5 fungi (D:3)
151 creatures vanquished.

Notes
Turn   | Place    | Note
-------+----------+-------------------------------------------
     0 | D:1      | dalamcd the Spriggan Assassin began the quest for the Orb.
     0 | D:1      | Reached XP level 1. HP: 10/10 MP: 2/2
    25 | D:1      | Reached skill level 6 in Stealth
   122 | D:1      | Reached XP level 2. HP: 10/15 MP: 3/3
   810 | D:1      | Reached XP level 3. HP: 15/18 MP: 4/4
  1673 | D:2      | Reached XP level 4. HP: 11/23 MP: 5/5
  3051 | D:3      | Found a runed door.
  3055 | D:3      | Noticed Crazy Yiuf
  3059 | D:3      | Killed Crazy Yiuf
  3194 | D:3      | Reached XP level 5. HP: 26/26 MP: 6/6
  3477 | D:3      | Reached skill level 7 in Stealth
  4334 | D:4      | Reached XP level 6. HP: 30/32 MP: 7/7
  4427 | D:4      | Found Lunil's Book Emporium.
  4732 | D:4      | Reached skill level 5 in Throwing
  4864 | D:4      | Reached XP level 7. HP: 35/35 MP: 8/8
  5205 | D:4      | Reached skill level 8 in Stealth
  5805 | D:5      | Entered Level 5 of the Dungeon
  5852 | D:5      | Noticed Sigmund
  5859 | D:5      | Killed Sigmund
  6188 | D:5      | Reached skill level 5 in Dodging
  6188 | D:5      | Reached skill level 9 in Stealth
  6311 | D:5      | Reached XP level 8. HP: 19/40 MP: 9/9
  7551 | D:5      | Slain by a gnoll sergeant

Vault maps used:
D:1:      shiori_shiawase
D:3:      first_bread, minmay_misc_feat_columns, uniq_crazy_yiuf_cottage
D:4:      serial_shops, nicolae_shop_crystal
D:5:      grunt_qazlal_clouds, uniq_sigmund, uniq_edmund

Skill      XL: |  1  2  3  4  5  6  7 |
---------------+----------------------+-----
Stealth        | 6 7 9 |  9.2
Fighting       | 2 3 |  3.4
Dodging        | 2 3 4 5 |  5.2
Throwing       | 3 5 6 |  6.2
Short Blades   | 3 |  3.8

Action                   |  1- 3 |  4- 6 |  7- 9 || total
-------------------------+-------+-------+-------++-------
Melee: Dagger            |   154 |   231 |       ||   385
       Rapier            |       |    11 |   123 ||   134
 Fire: Blowgun           |    90 |   108 |    68 ||   266
 Abil: Evoke Flight      |       |       |     1 ||     1
  Use: Scroll            |     1 |    11 |     3 ||    15
       Potion            |       |       |     4 ||     4
 Stab: Sleeping          |       |     6 |     7 ||    13
       Distracted        |       |       |     1 ||     1
  Eat: Bread ration      |       |     1 |       ||     1
Armor: Robe              |    40 |    18 |     7 ||    65
Dodge: Dodged            |   162 |   119 |   112 ||   393
